cohdb
Replays
Latest Replays
All Replays
Popular Replays
Top Player Replays
Match Explorer
How It Works
Community
CoH3 Stats
Reddit
Sign in to upload your games and track your stats! →
Sign in with Steam
Match 45192873
Unlisted
Match 45192873
Overview
Messages
Build Orders
End
Pioneer Squad
Construct Infanterie Kompanie
Grenadier Squad
Grenadier Squad
Grenadier Squad
Construct Luftwaffe Kompanie
Medical Station
Selects Breakthrough Battlegroup
Selects Rapid Production
221 Scout Car
Jäger Squad
Selects Assault Grenadiers
Jäger Squad
MG 42 Machine Gun Team
Construct Panzer Kompanie
Panzer IV Medium Tank
Panzer IV Medium Tank
Panzer IV Medium Tank
Selects Blitzkrieg
Pioneer Squad
FeriG
Nostalgi@
0
0
Comments
sign in to comment!
No comments posted yet!